 Dungeon Crawl Stone Soup version 0.17-a0-2093-gc772f4b (webtiles) character file.

70 vatarom the Skirmisher (level 4, -2/48 HPs)
             Began as an Ogre Skald on Oct 16, 2015.
             Slain by an orc
             ... wielding a +0 flail
              (5 damage)
             ... on level 4 of the Dungeon.
             The game lasted 00:04:58 (2014 turns).

vatarom the Skirmisher (Ogre Skald)                 Turns: 2014, Time: 00:04:58

Health: -2/48      AC:  5    Str: 17    XL:     4   Next: 22%
Magic:  3/7        EV: 10    Int: 11    God:
Gold:   92         SH:  0    Dex: 10    Spells: 3 memorised, 1 level left

rFire  . . .     SeeInvis .     a - +0 mace
rCold  . . .     Clarity  .     b - +0 robe
rNeg   . . .     SustAt   .     (no shield)
rPois  .         Gourm    .     (helmet restricted)
rElec  .         Spirit   .     (no cloak)
rCorr  +         Warding  .     (gloves unavailable)
rMut   .         Stasis   .     (boots unavailable)
MR     .....                    f - amulet of resist corrosion
Stlth  +.........               (no ring)
                                g - +2 ring of protection

@: very slightly contaminated, not resistant to hostile enchantments, very
unstealthy
A: unfitting armour, tough skin 1
a: no special abilities


You were on level 4 of the Dungeon.
You were hungry.

You visited 1 branch of the dungeon, and saw 4 of its levels.

You collected 92 gold pieces.

Inventory:

Hand Weapons
 a - a +0 mace (weapon)
Armour
 b - a +0 robe (worn)
Jewellery
 e - an uncursed amulet of stasis
 f - an amulet of resist corrosion (around neck)
 g - a +2 ring of protection (left hand)
Scrolls
 d - a scroll of identify
 i - 4 scrolls of remove curse
Books
 c - a book of Battle

   Spells                             Type                      Level
   a - Infusion                       Charms                       1
   b - Shroud of Golubria             Charms/Translocation         2
   c - Song of Slaying                Charms                       2
   d - Spectral Weapon                Hexes/Charms                 3
   e - Regeneration                   Charms/Necromancy            3
Comestibles
 h - a meat ration
 j - a slice of pizza
 k - a beef jerky
 m - a bread ration
 n - 4 fruits


   Skills:
 - Level 3.6 Fighting
 - Level 2.6 Maces & Flails
 + Level 2.5 Dodging
 - Level 2.4 Spellcasting
 * Level 2.7 Charms


You had one spell level left.
You knew the following spells:

 Your Spells              Type           Power        Failure   Level  Hunger
a - Infusion              Chrm           #.....       12%         1    ##.....
b - Shroud of Golubria    Chrm/Tloc      #.........   30%         2    ###....
c - Spectral Weapon       Hex/Chrm       #.......     61%         3    ####...


Dungeon Overview and Level Annotations

Branches:
Dungeon (4/15)
 Temple: D:4-7

Altars:
Elyvilon

Annotations:
D:3 Robin


Innate Abilities, Weirdness & Mutations

You are too large for most types of armour.
You have tough skin (AC +1).


Message History

Your shroud bends the orc's attack away.
You barely miss the orc.
The orc is moderately wounded.
Your shroud bends the giant gecko's attack away.
The orc barely misses you. The giant gecko misses you.
You closely miss the orc.
The orc is moderately wounded.
The giant gecko closely misses you.
Your shroud bends the orc's attack away!
You barely miss the orc.
The orc is moderately wounded.
Your shroud begins to fray at the edges.
The giant gecko barely misses you. The orc barely misses you.
Your shroud bends the giant gecko's attack away.
You barely miss the orc.
The orc is moderately wounded.
The giant gecko bites you.
* * * LOW HITPOINT WARNING * * *
The orc hits you with a flail.
You die...

#####..## ..
##.......##.#
#...........
##.........##.
##.............
............#
.##....ol...#
.%)....@....#
......†<....#
#...........#
..##.......## #
###......#
...###.# #...#
.# ##... . #..#
.


You could see an orc and a giant gecko.

Vanquished Creatures
  A hound skeleton (D:3)
  An adder (D:3)
  An orc (D:3)
  5 ball pythons (D:1)
  A giant cockroach (D:2)
  11 goblins
  6 hobgoblins
  A quokka (D:3)
  7 bats
  3 giant newts
  5 kobolds
  3 rats
45 creatures vanquished.

Notes
Turn   | Place    | Note
--------------------------------------------------------------
     0 | D:1      | vatarom the Ogre Skald began the quest for the Orb.
     0 | D:1      | Reached XP level 1. HP: 22/22 MP: 3/3
   287 | D:1      | Reached skill level 3 in Fighting
   373 | D:1      | Reached XP level 2. HP: 17/31 MP: 5/5
   656 | D:1      | Learned a level 2 spell: Shroud of Golubria
  1328 | D:2      | Reached XP level 3. HP: 39/39 MP: 3/6
  1482 | D:2      | Learned a level 3 spell: Spectral Weapon
  1828 | D:3      | Reached XP level 4. HP: 41/48 MP: 4/7
  1854 | D:3      | Found a white marble altar of Elyvilon.
  1931 | D:3      | Noticed Robin
  1996 | D:3      | HP: 2/48 [goblin[Robin] (2)]
  2004 | D:3      | HP: 2/48 [goblin[Robin] (1)]
  2014 | D:4      | Slain by an orc

Vault maps used:
D:1:      dpeg_arrival_boxes_within_box, minmay_shallow_snake_nest
D:2:      roderic_nine_men_s_morris
D:3:      elyvilon_altar_4, tgw_kikubaaqudgha, uniq_robin
D:4:      grunt_temple_overflow_lords_of_destruction, old_standard_altar,
          serial_shops, shop, first_bread, portal_sewer_entry_e, trog_book

Action                   |  1- 3 |  4- 6 || total
-------------------------+-------+-------++-------
Melee: Mace              |   144 |    54 ||   198
 Cast: Infusion          |     4 |       ||     4
       Shroud of Golubri |     4 |     4 ||     8
  Use: Potion            |     7 |       ||     7
       Scroll            |     4 |     2 ||     6
 Stab: Sleeping          |     1 |       ||     1
  Eat: Bread ration      |     1 |       ||     1
